 Dungeon Crawl Stone Soup version 0.31-a0-1522-g43313d8a59 (webtiles) character file.

Game seed: 5894101803930098273

4911 AstroCodex24 the Cruncher (level 10, 0/83 HPs)
             Began as a Demigod Fighter on Dec 31, 2023.
             Asphyxiated
             ... on level 8 of the Dungeon.
             The game lasted 00:55:25 (9337 turns).

AstroCodex24 the Cruncher (Demigod Fighter)         Turns: 9337, Time: 00:55:25

Health: 0/83       AC: 19    Str: 27 (29) XL:     10   Next: 6%
Magic:  31/31      EV: 16    Int: 14 (16) God:
Gold:   452        SH:  0    Dex: 11 (13) Spells: 9/9 levels left

rFire   . . .        f - +6 quarterstaff of the Land of Plenty {spect, rPois MP+9 Int+3}
rCold   . . .        (shield currently unavailable)
rNeg    . . .        b - +0 scale mail
rPois   +            g - +2 helmet
rElec   .            x - +1 cloak
rCorr   +            w - +2 pair of gloves {Stlth+}
SInv    .            v - +1 pair of boots
Will    +....        (no amulet)
Stlth   +++          q - +5 ring of evasion
HPRegen 0.33/turn    o - ring of the Peasants {rCorr MP+9 Int+3 Stlth+}
MPRegen 0.22/turn

%: no passive effects
@: mighty, brilliant, lethally poisoned (0 -> -21), attractive
A: high MP 1, forlorn, divine attributes
a: no special abilities


You were on level 8 of the Dungeon.
You visited 1 branch of the dungeon, and saw 8 of its levels.

You collected 1144 gold pieces.
You spent 692 gold pieces at shops.

Inventory:

Hand Weapons
 a - a +0 war axe
 f - the +6 quarterstaff of the Land of Plenty (weapon) {spect, rPois MP+9 Int+3}
   (You found it on level 4 of the Dungeon)

   Int+3:     It affects your intelligence (+3).
   rPois:     It protects you from poison MP+9: It affects your magic capacity
   (+9).
Missiles
 i - 2 throwing nets
Armour
 b - a +0 scale mail (worn)
 c - a +0 buckler
 g - a +2 helmet (worn)
 r - a scarf of resistance
 v - a +1 pair of boots (worn)
 w - a +2 pair of gloves of stealth (worn)
 x - a +1 cloak (worn)
Jewellery
 o - the ring of the Peasants (right hand) {rCorr MP+9 Int+3 Stlth+}
   (You found it on level 3 of the Dungeon)

   [ring of magical power]

   Int+3:     It affects your intelligence (+3).
   MP+9:      It affects your magic capacity (+9).
   rCorr:     It protects you from acid and corrosion.
   Stlth+:    It makes you more stealthy.
 q - a +5 ring of evasion (left hand)
 t - a ring of magical power
 J - a +6 ring of dexterity
Wands
 s - a wand of paralysis (3)
 C - a wand of digging (14)
Scrolls
 h - a scroll of revelation
 y - a scroll of teleportation
 z - 2 scrolls of enchant armour
 A - 2 scrolls of noise
 E - a scroll of brand weapon {unknown}
 G - a scroll of vulnerability
 H - a scroll of poison {unknown}
 K - 2 scrolls of identify
Potions
 n - 2 potions of mutation


   Skills:
 + Level 5.9 Fighting
 + Level 3.8 Axes
 + Level 8.4 Staves
 + Level 7.0 Armour
 + Level 3.6 Dodging
 + Level 4.1 Stealth
 + Level 3.2 Shields
 - Level 1.9 Evocations


You had 9 spell levels left.
You didn't know any spells.
Your spell library contained the following spells:

 Spells                   Type           Power      Damage    Failure   Level
 Slow                     Hex            0%         N/A       52%         1
 Blink                    Tloc           0%         N/A       65%         2
 Ensorcelled Hibernation  Hex/Ice        0%         N/A       65%         2
 Lesser Beckoning         Tloc           0%         N/A       65%         2
 Momentum Strike          Conj/Tloc      0%         3d8       65%         2
 Confusing Touch          Hex            0%         N/A       87%         3
 Fugue of the Fallen      Necr           0%         N/A       87%         3
 Passwall                 Erth           0%         N/A       87%         3
 Sigil of Binding         Hex            0%         N/A       87%         3
 Summon Ice Beast         Ice/Summ       0%         N/A       87%         3
 Swiftness                Air            0%         N/A       87%         3
 Vampiric Draining        Necr           0%         2d6       87%         3
 Anguish                  Hex/Necr       0%         N/A       99%         4
 Animate Dead             Necr           0%         N/A       99%         4
 Summon Mana Viper        Hex/Summ       0%         N/A       100%        5
 Haunt                    Necr/Summ      0%         N/A       100%        7
 Monstrous Menagerie      Summ           0%         N/A       100%        7
 Infestation              Necr           0%         N/A       100%        8


Dungeon Overview and Level Annotations

Branches:
Dungeon (8/15)             Temple (0/1) D:6
   Lair: D:8-11

Shops:
D:2 [[([   D:6 [

Annotations:
D:8 Amaemon


Innate Abilities, Weirdness & Mutations

You have an increased reservoir of magic. (+10% MP)
You shall have no god before yourself.
Your divine heritage dramatically boosts your attributes as you level up.


Message History

You feel attractive to monsters.
You feel very sick.
Amaemon hits you with a +1 demon whip of venom!
* * * LOW HITPOINT WARNING * * *
Amaemon closely misses you.
Amaemon tail-slaps you but does no damage.
The scorpion stings you but does no damage.
The scorpion closely misses you.
You bump into the rock wall.
You feel less invigorated.
You feel less confused.
You feel very sick. The scorpion barely misses you.
The scorpion completely misses you. Amaemon closely misses you.
Amaemon barely misses you. Amaemon misses you.
You sock Amaemon!
Amaemon is almost dead.
You feel very sick.
The scorpion stings you but does no damage.
The scorpion stings you.
* * * LOW HITPOINT WARNING * * *
Amaemon completely misses you. Amaemon claws you but does no damage.
Amaemon tail-slaps you but does no damage.
Blink to where?
Press: ? - help, Q - select action, (/) - cycle Dir - move target, p - Amaemon
As you read the scroll of blinking, it crumbles to dust.
You feel sick. The scorpion is attracted toward you.
Amaemon is attracted toward you.
The scorpion is attracted toward you. x2
You sock the scorpion!
You kill the scorpion!
The scorpion's corpse disappears in a puff of smoke!
You feel sick.
You feel sick.
The scorpion disappears in a puff of smoke!
Amaemon casts a spell at the scorpion.
The scorpion's venom grows more potent.
The scorpion is attracted toward you. Amaemon is attracted toward you.
You feel sick. The scorpion stings you.
* * * LOW HITPOINT WARNING * * *
You are lethally poisoned!
You have difficulty breathing.
You die...

#......# #..#
#......##.# #..#
#....s.##.######..#
###....§§##.#.......#
.........##.#.####..#
####...§§##.#.#...#.#
####6###.#.#.#.#.#
#s###.#.....#.#
#.@))...###.#.#
#####.......#.#
###.#####.# #.# #.#
#.# #.# #.# #.# #.#
#.# #.#####.#
#.......#


You could see Amaemon and a scorpion (summoned, curare).

Vanquished Creatures
  Gastronok (D:8)
  The ghost of pigah the Mimic, a novice OpSh of Gozag (D:5)
  An orange demon (D:8)
  Joseph (D:7)
  Prince Ribbit (D:8)
  A steam dragon (D:4)
  A water moccasin (D:6)
  3 ice beasts
  A sky beast (D:5)
  2 black bears
  3 orc warriors
  An ogre (D:3)
  A gnoll sergeant (D:8)
  2 scorpions
  3 bullfrogs (D:8)
  3 killer bees (D:8)
  5 jellies
  A quasit (D:7)
  2 bombardier beetles
  2 orc priests
  6 hounds
  Jessica (D:3)
  2 iguanas
  A sleepcap (D:5)
  9 orc wizards
  A mummy (D:4)
  3 gnolls (D:8)
  5 adders
  A shadow imp (D:5)
  3 white imps
  6 ufetubi (D:7)
  4 dart slugs
  3 ribbon worms
  29 orcs
  4 bats
  4 endoplasms
  2 giant cockroaches
  8 goblins
  6 hobgoblins
  14 jackals
  7 kobolds
  4 quokkas
  4 ball pythons
  4 frilled lizards (D:1)
  A goblin zombie (D:4)
  An orc zombie (D:4)
  2 rats
171 creatures vanquished.

Notes
Turn   | Place    | Note
-------+----------+-------------------------------------------
     0 | D:1      | AstroCodex24 the Demigod Fighter began the quest for the
                  | Orb.
     0 | D:1      | Reached XP level 1. HP: 18/18 MP: 3/3
   169 | D:2      | Reached XP level 2. HP: 22/26 MP: 4/4
   247 | D:2      | Found a transporter.
   265 | D:2      | Found Relumm's Armour Emporium.
   268 | D:2      | Found a transporter.
   339 | D:2      | Found Afepn's Armour Shop.
   354 | D:2      | Reached XP level 3. HP: 28/31 MP: 5/5
   849 | D:3      | Reached XP level 4. HP: 25/38 MP: 6/6
   962 | D:4      | Identified the +6 quarterstaff of the Land of Plenty
                  | {spect, rPois MP+9 Int+3}
  1123 | D:5      | Entered Level 5 of the Dungeon
  1160 | D:5      | Found a runed translucent door.
  1161 | D:5      | Noticed pigah's ghost (novice OpSh)
  1180 | D:5      | Reached XP level 5. HP: 40/45 MP: 7/7
  1221 | D:5      | Reached skill level 1 in Dodging
  1241 | D:5      | Reached skill level 1 in Staves
  1415 | D:6      | Reached XP level 6. HP: 48/52 MP: 8/8
  1810 | D:6      | Reached skill level 2 in Staves
  1891 | D:6      | Reached XP level 7. HP: 44/58 MP: 9/9
  1898 | D:6      | Found a staircase to the Ecumenical Temple.
  2169 | D:6      | Found Geilun's Antique Armour Shoppe.
  2339 | D:6      | Reached skill level 3 in Staves
  2456 | D:6      | Identified a scroll of acquirement
  2457 | D:6      | Acquired 734 gold pieces
  2618 | D:6      | Bought an embroidered scarf for 184 gold pieces
  2618 | D:6      | Bought a pair of runed gloves for 172 gold pieces
  2758 | D:5      | Reached skill level 1 in Stealth
  2788 | D:5      | Reached skill level 5 in Armour
  2791 | D:5      | Reached skill level 4 in Staves
  2921 | D:2      | Bought a +2 helmet for 198 gold pieces
  2921 | D:2      | Bought a +1 cloak for 138 gold pieces
  3085 | D:2      | Found Jograsyh's Antique Weapon Shoppe.
  4197 | D:2      | Found Juicsau's Antique Armour Shop.
  4448 | D:2      | You fall into a shaft and drop 1 floor!
  4529 | D:3      | Identified the ring of the Peasants {rCorr MP+9 Int+3
                  | Stlth+}
  4885 | D:3      | Reached XP level 8. HP: 61/67 MP: 10/10
  4945 | D:3      | Noticed Jessica
  4977 | D:3      | Killed Jessica
  5610 | D:4      | Reached skill level 5 in Staves
  6855 | D:5      | Killed pigah's ghost
  7804 | D:7      | Noticed Joseph
  7817 | D:7      | Killed Joseph
  7818 | D:7      | Reached skill level 6 in Staves
  7818 | D:7      | Reached XP level 9. HP: 37/73 MP: 11/11
  7974 | D:7      | Reached skill level 5 in Fighting
  8848 | D:8      | Noticed Gastronok
  8864 | D:8      | Noticed Prince Ribbit
  8871 | D:8      | Reached skill level 1 in Evocations
  8896 | D:8      | Killed Gastronok
  8897 | D:8      | Reached skill level 7 in Staves
  8915 | D:8      | Killed Prince Ribbit
  8916 | D:8      | Reached skill level 8 in Staves
  9233 | D:8      | Noticed Amaemon
  9233 | D:8      | Noticed an orange demon
  9250 | D:8      | Killed an orange demon
  9251 | D:8      | Reached XP level 10. HP: 54/83 MP: 13/13
  9337 | D:8      | Asphyxiated

Illustrated notes

Levels and vault maps discovered:
D:1:      wheals_arrival_shading, layout_basic
D:2:      layout_loops_ring, basic_altar, serial_shops,
          nicolae_shop_tiny_real_fake_doors, nicolae_shop_drivethru,
          nicolae_shop_tiny_statue_garden, shop
D:3:      layout_basic, mainiacjoe_overflow_paths, overflow_temple_1_default,
          guppyfry_early_orc_mine, uniq_jessica
D:4:      layout_layer_cave, lightli_temple_of_fire, nicolae_ossuary_entry_giza
D:5:      layout_cave_pools, mainiacjoe_overflow_tiny_flanked, serial_library,
          serial_library_hellmonk_hallway_a, serial_library_hellmonk_big_corner,
          serial_library_hellmonk_octagon, serial_library_hellmonk_statue_hall,
          serial_library_hellmonk_room_a, serial_library_hellmonk_u_bend,
          serial_library_hellmonk_open_cross,
          serial_library_hellmonk_semicircle,
          serial_library_regret_index_branch_corner, gammafunk_ghost_grave
D:6:      layout_basic, temple_statues, serial_shops,
          nicolae_shop_rolling_square
D:7:      layout_loops_corners, fedhas_altar_4, serial_demonic,
          serial_demonic_b, serial_demonic_f, serial_demonic_e,
          serial_demonic_g, uniq_joseph
D:8:      layout_basic, mainiacjoe_overflow_surrounded_room, uniq_amaemon,
          uniq_prince_ribbit1, uniq_gastronok

Skill      XL: |  1  2  3  4  5  6  7  8  9 |
---------------+----------------------------+-----
Fighting       | 3 4 5 |  5.9
Axes           | 2 3 |  3.8
Armour         | 3 4 5 6 7 |  7.0
Shields        | 3 |  3.2
Dodging        | 1 2 3 |  3.6
Staves         | 1 2 4 6 8 |  8.4
Stealth        | 1 3 4 |  4.1
Evocations     | 1 |  1.9

Action                     |  1- 3 |  4- 6 |  7- 9 | 10-12 || total
---------------------------+-------+-------+-------+-------++-------
  Melee: War axe           |    79 |    11 |       |       ||    90
         Quarterstaff      |       |    58 |   235 |    15 ||   308
  Evoke: Wand              |       |       |    13 |     9 ||    22
    Use: Scroll            |       |       |    16 |     1 ||    17
         Potion            |       |       |     6 |     8 ||    14
   Stab: Sleeping          |       |       |     7 |       ||     7
         Distracted        |       |       |     2 |     1 ||     3
         Paralysed         |       |       |     2 |       ||     2
 Armour: Scale mail        |    69 |    70 |   115 |    38 ||   292
  Dodge: Dodged            |    44 |    38 |   240 |    32 ||   354
  Block: Buckler           |    25 |     4 |       |       ||    29

Table legend: (Time is in decaauts)
 A = Elapsed time spent in this place.
 B = Non-inter-level travel time spent in this place.
 C = Inter-level travel time spent in this place.
 D = Time resting spent in this place.
 E = Time spent auto-exploring this place.
 F = Levels seen in this place.
 G = Mean time per level.
                   A        B        C        D        E       F      G
               +--------+--------+--------+--------+--------+-----+--------+
         Total |   9383 |   8399 |    984 |      0 |      0 |   8 | 1172.9 |
       Dungeon |   9383 |   8399 |    984 |      0 |      0 |   8 | 1172.9 |
               +--------+--------+--------+--------+--------+-----+--------+

Top non-repeatable levels by time:
     D:3: 1649 daAuts
     D:4: 1482 daAuts
     D:6: 1407 daAuts
     D:5: 1176 daAuts
     D:7: 1165 daAuts
     D:2: 1048 daAuts
     D:1: 941 daAuts
     D:8: 512 daAuts
